 Dungeon Sprint DCSS version 0.30.1-4-g462c640d31 (webtiles) character file.

Game seed: 14023882429241431841

10572 Heoruswealwe the Ninja (level 11, -25/52 (53) HPs)
             Began as a Spriggan Artificer on Aug 29, 2023.
             Was an Initiate of Gozag.
             Annihilated by a lorocyproca (37 damage)
             ... in the Dungeon (Sprint I: "Red Sonja").
             The game lasted 00:21:00 (1039 turns).

Heoruswealwe the Ninja (Spriggan Artificer)         Turns: 1039, Time: 00:21:01

HP:   -25/52 (53)   AC:  4    Str:  8    XL:     11   Next: 37%
MP:   0/12          EV: 33    Int: 18    God:    Gozag
Gold: 2124          SH:  0    Dex: 20    Spells: 10/10 levels left

rFire   + . .        s - +9 dagger of Bodily Humours {drain, rC- rN+++ Int+5}
rCold   x . .        (no shield)
rNeg    + + +        c - +1 robe "Qaqudes" {rF+ rCorr}
rPois   .            u - +1 hat
rElec   .            (no cloak)
rCorr   +            (gloves unavailable)
SInv    +            (boots unavailable)
Will    +....        (no amulet)
Stlth   ++++++++++   (no ring)
HPRegen 0.28/turn    (no ring)
MPRegen 0.13/turn

%: no teleportation
@: lightly drained, very quick
A: very small, no large weapons, unfitting armour, see invisible, speed 3
a: Renounce Religion, Potion Petition, Call Merchant, Bribe Branch


You were in the Dungeon.
You worshipped Gozag.
Gozag was most pleased with you.
You visited 1 branch You collected 3903 gold pieces.
You spent 1750 gold pieces at shops.
You donated 29 gold pieces to Zin.

Inventory:

Hand Weapons
 a - a +4 dagger of venom
 b - a +0 hand crossbow of flaming
 p - the +8 rapier of Ajoruog {elec, Drain rC+ Str+3}
   (You bought it in a shop in the Dungeon)

   Str:       It affects your strength (+3).
   rC:        It protects you from cold.
   Drain:     It drains your maximum health when unequipped.
 s - the +9 dagger of Bodily Humours (weapon) {drain, rC- rN+++ Int+5}
   (You bought it in a shop in the Dungeon)

   Int:       It affects your intelligence (+5).
   rC:        It makes you vulnerable to cold.
   rN:        It renders you almost immune to negative energy.
Armour
 c - the +1 robe "Qaqudes" (worn) {rF+ rCorr}
   (You bought it in a shop in the Dungeon)

   rF:        It protects you from fire.
   rCorr:     It protects you from acid and corrosion.
 t - the +0 robe "Egazuje" {rPois Str+5}
   (You bought it in a shop in the Dungeon)

   Str:       It affects your strength (+5).
   rPois:     It protects you from poison.
 u - a +1 hat (worn)
Wands
 d - a wand of charming (23)
 e - a wand of iceblast (2)
 m - a wand of flame (6) (quivered)
Scrolls
 k - a scroll of blinking
 l - a scroll of fog {unknown}
 r - 2 scrolls of fear {unknown}
Potions
 f - 3 potions of curing
 h - a potion of haste
 i - 3 potions of magic
 j - a potion of berserk rage
 n - a potion of might {unknown}
 x - a potion of invisibility {unknown}
Miscellaneous
 g - a box of beasts (inert)


   Skills:
 + Level 4.0 Fighting
 + Level 5.0 Short Blades
 + Level 18.4 Dodging
 O Level 27 Stealth
 * Level 19.4 Evocations


You had 10 spell levels left.
You didn't know any spells.
Your spell library contained the following spells:

 Spells                   Type           Power      Damage    Failure   Level
 Beastly Appendage        Tmut           0%         N/A       22%         1
 Wereblood                Tmut           0%         N/A       32%         2
 Spider Form              Tmut/Pois      0%         N/A       54%         3


Dungeon Overview and Level Annotations

Branches:
Dungeon (1/1)

Altars:
Cheibriados
Dithmenos
Elyvilon
Fedhas
Gozag
Hepliaklqana
Kikubaaqudgha
Makhleb
Nemelex Xobeh
Okawaru
Qazlal
Ru
Sif Muna
Trog
Uskayaw
Vehumet
Wu Jian
Xom
Yredelemnul
Zin
The Shining One
Jiyva
Lugonu

Shops:
D *[=(((**[![*[((=[*[[(


Innate Abilities, Weirdness & Mutations

You are very small and have problems with some larger weapons.
You are too small for most types of armour.
You have supernaturally acute eyesight. (SInv)
You cover ground extremely quickly. (Speed+++)


Message History

There is an open door here.
l - a scroll labelled MAFIHE MA QEZA Really walk into a travel-excluded area?
There is an open door here.
You open the door.
A meliai and a lorocyproca come into view.
You are engulfed in noxious fumes.
You choke on the stench!
You are confused.
Found 162 gold pieces.
You are engulfed in noxious fumes.
There is an open door here.
You are engulfed in noxious fumes.
The meliai buzzes angrily.
The meliai calls down the wrath of its god upon you.
Something smites you!
The lorocyproca gives a chilling moan.
You feel less confused.
The meliai invokes the aid of its god against you.
Something smites you!
You see here 27 gold pieces.
Really walk into a travel-excluded area? [Y]es or [N]o only, please.
Really walk into a travel-excluded area?
Okay, then.
You feel better. The lorocyproca misses you.
Really walk into a travel-excluded area?
You open the door.
Found 12 gold pieces.
The lorocyproca hits you!!
* * * LOW HITPOINT WARNING * * *
You feel your power leaking away.
There is an open door, spattered with blood here.
You see here 12 gold pieces.
You open the lid... ...and an elder stingbat beast flies out!
The box is emptied!
You feel better. The lorocyproca hits you!!!
Ouch! That really hurt!
You die...
Your body crumbles into a pile of gold.

##############
#__#).)...#=.# $$ $ $
'..'..#...##'#$### $ $
#__####...'..#$#@### $
####.(#####..+$#2#$###
$ $
#§§~.§#..##+####..$#y#
$$$
+§~~).+..#.°°°.#.H$###
$
#~§~§.#..#.....'..$$$#
$
##+#####'###.)○#.....#
$
#[[..###.+.#○°°###++##
$ ##'###)###§#°°##
.....'.∩##§#..# $$


You could see a lorocyproca (invisible, ally target) and a friendly elder
stingbat beast (summoned, wandering).

Vanquished Creatures
  2 centaur warriors (D)
  Sonja (D)
  A deep troll (D)
  An oklob plant (D)
  8 shining eyes (D)
  4 demonic crawlers (D)
  A gargoyle (D)
  2 kobold demonologists (D)
  2 unseen horrors (D)
  A hornet (D)
  A slime creature (D)
  Sigmund (D)
  A yak (D)
  2 redbacks (D)
  6 floating eyes (D)
  An ogre (D)
  7 necrophages (D)
  8 jellies (D)
  Ijyb (D)
  A ballistomycete spore (D)
52 creatures vanquished.

Vanquished Creatures (others)
  A ballistomycete spore (D)
1 creature vanquished.

Grand Total: 53 creatures vanquished

Notes
Turn   | Place    | Note
-------+----------+-------------------------------------------
     0 | D        | Heoruswealwe the Spriggan Artificer began the quest for the
                  | Orb.
     0 | D        | Reached XP level 1. HP: 9/9 MP: 2/2
     1 | D        | Noticed Ijyb
     4 | D        | Killed Ijyb
     5 | D        | Reached skill level 6 in Stealth
     5 | D        | Reached skill level 5 in Evocations
     5 | D        | Reached XP level 2. HP: 14/14 MP: 3/3
    17 | D        | Noticed an ogre
    23 | D        | Killed an ogre
    24 | D        | Reached skill level 10 in Stealth
    24 | D        | Reached XP level 3. HP: 17/17 MP: 4/4
    24 | D        | Reached XP level 4. HP: 21/21 MP: 5/5
    34 | D        | Noticed Sigmund
    37 | D        | Killed Sigmund
    38 | D        | Reached skill level 13 in Stealth
    38 | D        | Reached XP level 5. HP: 25/25 MP: 6/6
    49 | D        | Found an ornate altar of the Wu Jian Council.
    49 | D        | Found a shimmering blue altar of Sif Muna.
    51 | D        | Found a radiant altar of Vehumet.
    56 | D        | Reached XP level 6. HP: 29/29 MP: 7/7
    79 | D        | Found Lamn's Weapon Emporium.
    79 | D        | Found an ancient bone altar of Kikubaaqudgha.
    79 | D        | Found a hazy altar of Hepliaklqana.
    79 | D        | Found a stormy altar of Qazlal.
    79 | D        | Found a hide-covered altar of Uskayaw.
    79 | D        | Found a blossoming altar of Fedhas.
    79 | D        | Found a bloodstained altar of Trog.
    79 | D        | Found an iron altar of Okawaru.
    79 | D        | Found a basalt altar of Yredelemnul.
    79 | D        | Found a glowing golden altar of the Shining One.
    79 | D        | Found a snail-covered altar of Cheibriados.
    79 | D        | Found a sacrificial altar of Ru.
    79 | D        | Found a glowing silver altar of Zin.
    79 | D        | Found a shadowy altar of Dithmenos.
    79 | D        | Found a white marble altar of Elyvilon.
    79 | D        | Noticed a yak
    80 | D        | Found an opulent altar of Gozag.
    81 | D        | Killed a yak
    82 | D        | Reached skill level 15 in Stealth
    82 | D        | Reached skill level 10 in Evocations
    82 | D        | Found a sparkling altar of Nemelex Xobeh.
    87 | D        | Became a worshipper of Zin the Law-Giver
    87 | D        | Reached * piety under Zin
    87 | D        | Reached ** piety under Zin
    87 | D        | Reached *** piety under Zin
    87 | D        | Reached **** piety under Zin
    87 | D        | Reached ***** piety under Zin
    87 | D        | Reached ****** piety under Zin
    95 | D        | Noticed Sonja
    99 | D        | Killed Sonja
   100 | D        | Reached skill level 18 in Stealth
   100 | D        | Reached XP level 7. HP: 32/32 MP: 8/8
   115 | D        | Found Boruov's General Store.
   125 | D        | Noticed a shining eye
   125 | D        | Noticed a shining eye
   125 | D        | Noticed a shining eye
   125 | D        | Noticed a shining eye
   125 | D        | Noticed a shining eye
   125 | D        | Noticed a shining eye
   128 | D        | Reached XP level 8. HP: 37/37 MP: 9/9
   128 | D        | Noticed a shining eye
   128 | D        | Noticed a shining eye
   131 | D        | Reached skill level 19 in Stealth
   138 | D        | Killed a shining eye
   139 | D        | Reached skill level 20 in Stealth
   143 | D        | Killed a shining eye
   144 | D        | Reached skill level 21 in Stealth
   144 | D        | Reached XP level 9. HP: 40/40 MP: 10/10
   167 | D        | Killed a shining eye
   168 | D        | Reached skill level 22 in Stealth
   178 | D        | Killed a shining eye
   191 | D        | Killed a shining eye
   192 | D        | Reached skill level 23 in Stealth
   192 | D        | Reached skill level 15 in Evocations
   201 | D        | Killed a shining eye
   202 | D        | Reached skill level 15 in Dodging
   227 | D        | Killed a shining eye
   228 | D        | Reached skill level 24 in Stealth
   228 | D        | Reached XP level 10. HP: 44/44 MP: 11/11
   239 | D        | Killed a shining eye
   242 | D        | Found Diewiw's Antique Armour Shoppe.
   242 | D        | Found Jaet's Antique Weapon Shop.
   242 | D        | Found Iffuuqaf's Jewellery Emporium.
   242 | D        | Found Wosickir's Weapon Boutique.
   257 | D        | Bought a glowing hand crossbow for 201 gold pieces
   264 | D        | Bought a faintly glowing robe for 131 gold pieces
   264 | D        | Identified the +1 robe "Qaqudes" {rF+ rCorr} (You bought it
                  | in a shop in the Dungeon)
   301 | D        | Fell from the grace of Zin
   301 | D        | Became a worshipper of Gozag Ym Sagoz the Greedy
   362 | D        | Noticed a deep troll
   366 | D        | Killed a deep troll
   367 | D        | Reached skill level 25 in Stealth
   383 | D        | Found Olehyet's Armour Emporium.
   406 | D        | Noticed a centaur warrior
   408 | D        | Noticed a centaur warrior
   411 | D        | Killed a centaur warrior
   413 | D        | Killed a centaur warrior
   414 | D        | Reached skill level 26 in Stealth
   571 | D        | Noticed an oklob plant
   573 | D        | Killed an oklob plant
   637 | D        | Reached skill level 27 in Stealth
   651 | D        | Reached skill level 1 in Fighting
   651 | D        | Reached skill level 1 in Short Blades
   715 | D        | Reached XP level 11. HP: 49/49 MP: 12/12
   819 | D        | Identified the +9 ring mail of the Bull {Dex+2}
   824 | D        | Identified the +6 scale mail "Iczecysch" {Rampage rPois
                  | rC+++ Will-}
   827 | D        | Found Susig's General Store.
   827 | D        | Found Div Att's Assorted Antiques.
   827 | D        | Found Ilamer's Antique Armour Boutique.
   833 | D        | Found Lypsekh's Assorted Antiques.
   833 | D        | Found Sorel's Antique Weapon Emporium.
   833 | D        | Found Riet Xal's Antique Armour Emporium.
   835 | D        | Found Kuiloesmi's Antique Armour Boutique.
   835 | D        | Found Essiun's Jewellery Shoppe.
   835 | D        | Found Fugeyl's Antique Weapon Shop.
   835 | D        | Found Zycrogeg's Antique Weapon Emporium.
   835 | D        | Found Timoepsy's Antique Armour Boutique.
   835 | D        | Found Unazorr's General Store.
   835 | D        | Found Xeodim's Antique Armour Shop.
   837 | D        | Bought a polished rapier for 189 gold pieces
   837 | D        | Identified the +8 rapier of Ajoruog {elec, Drain rC+ Str+3}
                  | (You bought it in a shop in the Dungeon)
   838 | D        | Bought a scroll labelled NOSUSHRI BUUQ for 18 gold pieces
   838 | D        | Bought a scroll labelled GANAHA GEER for 18 gold pieces
   839 | D        | Found Xufyo's Distillery.
   843 | D        | Bought a crude dagger for 126 gold pieces
   843 | D        | Identified the +9 dagger of Bodily Humours {drain, rC-
                  | rN+++ Int+5} (You bought it in a shop in the Dungeon)
   844 | D        | Bought a smoking robe for 148 gold pieces
   844 | D        | Identified the +0 robe "Egazuje" {rPois Str+5} (You bought
                  | it in a shop in the Dungeon)
   845 | D        | Bought a scroll of identify for 28 gold pieces
   848 | D        | Bought a glowing hat for 140 gold pieces
   850 | D        | Bought a warped troll leather armour for 520 gold pieces
   850 | D        | Identified the +3 troll leather armour "Uceyxedghi" {rC-
                  | Regen+ Str+6} (You bought it in a shop in the Dungeon)
   850 | D        | Bought a brightly glowing dagger for 182 gold pieces
   850 | D        | Identified the +1 dagger of Hemusuej {heavy, rF- Str+2
                  | Dex+7} (You bought it in a shop in the Dungeon)
   850 | D        | Bought a viscous cyan potion for 23 gold pieces
   850 | D        | Bought a scroll labelled GANAHA GEER for 26 gold pieces
   928 | D        | Found a burning altar of Makhleb.
   928 | D        | Found a viscous altar of Jiyva.
   928 | D        | Found a shimmering altar of Xom.
   928 | D        | Found a corrupted altar of Lugonu.
  1007 | D        | Reached skill level 5 in Short Blades
  1027 | D        | Noticed a lorocyproca
  1036 | D        | HP: 2/52 [lorocyproca (25)]
  1039 | D        | Annihilated by a lorocyproca

Illustrated notes

Levels and vault maps discovered:
D:        dungeon_sprint_1 [red_sonja_temple_1, red_sonja_temple_small_1]

Skill      XL: |  1  2  3  4  5  6  7  8  9 10 11 |
---------------+----------------------------------+-----
Dodging        | 4 6 8 11 13 15 17 18 | 18.4
Stealth        | 6 10 13 18 21 24 27 | 27.0
Evocations     | 5 7 9 12 14 15 17 19 | 19.4
Fighting       | 1 4 |  4.0
Short Blades   | 1 5 |  5.0

Action                     |  1- 3 |  4- 6 |  7- 9 | 10-12 || total
---------------------------+-------+-------+-------+-------++-------
  Melee: Dagger            |     1 |     4 |    63 |    80 ||   148
         Punch             |       |       |     3 |     1 ||     4
         Rapier            |       |       |       |    11 ||    11
   Fire: Hand crossbow     |       |       |       |     1 ||     1
  Evoke: Wand              |     3 |       |       |    17 ||    20
         Box of beasts     |       |       |       |     1 ||     1
    Use: Potion            |       |       |       |     4 ||     4
         Scroll            |       |       |       |     2 ||     2
   Stab: Sleeping          |     1 |     4 |     6 |    13 ||    24
 Armour: Robe              |       |       |       |     8 ||     8
  Dodge: Dodged            |     1 |       |       |   134 ||   135
